 Dungeon Sprint DCSS version 0.23.1 (webtiles) character file.

Game seed: 14423389310220774203

298 wilfster70 the Severer (level 9, -2/89 HPs)
             Began as a Minotaur Fighter on Mar 12, 2019.
             Was an Initiate of Gozag.
             Slain by a black mamba (12 damage)
             ... in the Dungeon (Sprint VI: "Thunderdome").
             The game lasted 00:07:14 (663 turns).

wilfster70 the Severer (Minotaur Fighter)            Turns: 663, Time: 00:07:16

Health: -2/89      AC: 19    Str: 24    XL:     9   Next: 5%
Magic:  8/8        EV:  6    Int:  8    God:    Gozag
Gold:   44         SH: 22    Dex: 10    Spells: 8/8 levels left

rFire    . . .     SeeInvis .   a - +0 broad axe (protect)
rCold    . . .     Gourm    .   p - +4 large shield "Jetoseoxoy" {rElec Regen+ Int+3}
rNeg     . . .     Faith    .   b - +0 scale mail
rPois    .         Spirit   .   (helmet restricted)
rElec    +         Reflect  .   (no cloak)
rCorr    .         Harm     .   (no gloves)
MR       .....     NoTele   +   q - +2 pair of boots of Happiness {rElec}
Stlth    ..........             (no amulet)
HPRegen  0.64/turn              (no ring)
MPRegen  0.11/turn              (no ring)

@: lethally poisoned (-2 -> -5), gold aura, protection aura, constricted
A: retaliatory headbutt, horns 2
a: Potion Petition, Call Merchant, Bribe Branch, Renounce Religion


You were in the Dungeon.
You worshipped Gozag.
Gozag was noncommittal.
You were not hungry.

You visited 1 branch You collected 2157 gold pieces.
You spent 2113 gold pieces at shops.

Inventory:

Hand Weapons
 a - a +0 broad axe of protection (weapon)
Armour
 b - a +0 scale mail (worn)
 c - the +1 cloak "Iwytz" {rF++ Int+4 Slay-4}
   (You bought it in a shop in the Dungeon)

   It affects your intelligence (+4).
   It affects your accuracy and damage with ranged weapons and melee attacks
   (-4).
   It greatly protects you from fire.
 j - the cursed +0 hat "Ucwig" {+Inv, unknown}
   (You bought it in a shop in the Dungeon)

   It lets you turn invisible.
   It has a curse placed upon it.
 p - the +4 large shield "Jetoseoxoy" (worn) {rElec Regen+ Int+3}
   (You bought it in a shop in the Dungeon)

   It affects your intelligence (+3).
   It insulates you from electricity.
   It increases your rate of regeneration.
 q - the +2 pair of boots of Happiness (worn) {rElec}
   (You bought it in a shop in the Dungeon)

   It insulates you from electricity.
 r - the cursed +0 pair of gloves of Kindness {rF+, unknown}
   (You bought it in a shop in the Dungeon)

   It protects you from fire.
   It has a curse placed upon it.
Wands
 l - a wand of acid (5)
 m - a wand of iceblast (5)
Scrolls
 k - 4 scrolls of blinking
 n - 3 scrolls of fog
Potions
 d - a potion of might
 e - a potion of curing
 g - 2 potions of heal wounds
 h - 4 potions of haste
 i - 2 potions of magic
 o - a potion of resistance
Comestibles
 f - a ration


   Skills:
 + Level 11.4 Fighting
 * Level 15.1 Axes
 + Level 10.6 Armour
 + Level 4.4 Dodging
 + Level 10.9 Shields


You had 8 spell levels left.
You didn't know any spells.
Your spell library was empty.

Dungeon Overview and Level Annotations

Branches:
Dungeon (1/1)

Altars:
Cheibriados
Dithmenos
Fedhas
Gozag
Kikubaaqudgha
Makhleb
Okawaru
Qazlal
Ru
Sif Muna
Trog
Uskayaw
Vehumet
Wu Jian
Xom
Yredelemnul
Zin
The Shining One
Beogh
Jiyva
Lugonu

Shops:
D *[%??*?*:[((!!!!


Innate Abilities, Weirdness & Mutations

You reflexively headbutt those who attack you in melee.
You have a pair of horns on your head.


Message History

You hit the black mamba.
The black mamba is moderately wounded.
You miss the giant anaconda.
The giant anaconda is no longer distracted by gold.
You block the giant anaconda's attack.
* * * LOW HITPOINT WARNING * * *
The giant anaconda constricts you. The black mamba bites you.
* * * LOW HITPOINT WARNING * * *
You are poisoned.
The black mamba poisons you!
The giant anaconda bites you but does no damage.
* * * LOW HITPOINT WARNING * * *
The giant anaconda constricts you. You block the black mamba's attack.
You slash the black mamba! You headbutt the black mamba!
The black mamba is almost dead.
You hit the giant anaconda.
You feel sick. You block the giant anaconda's attack.
The giant anaconda constricts you. The black mamba bites you!
You die...
Your body crumbles into a pile of gold.

##∩___......###....
###∩........8.# #.8..
##.....[.......###....
#⌠..........###...###.
#⌠..........# #.<.# #.
#⌠..........###...###.
##.........[...###....
###∩S.....[.8.# #.8..
##@S__.[....###[...
######.8.........8
#⌠...........
###.........#
#.........#
#_......._#
#_......._#
#∩.......∩#
##∩.....∩##


You could see a giant anaconda and a black mamba.

Vanquished Creatures
  A black mamba (D)
  Prince Ribbit (D)
  2 blink frogs (D)
  Sigmund (D)
  A yak (D)
  2 basilisks (D)
  A porcupine (D)
  An orc warrior (D)
  An ogre (D)
  Blork the orc (D)
  3 bullfrogs (D)
  An orc wizard (D)
  A hell rat (D)
  2 river rats (D)
  An ooze (D)
  3 orcs (D)
  A hobgoblin (D)
  A quokka (D)
25 creatures vanquished.

Notes
Turn   | Place    | Note
-------+----------+-------------------------------------------
     0 | D        | wilfster70 the Minotaur Fighter began the quest for the
                  | Orb.
     0 | D        | Reached XP level 1. HP: 19/19 MP: 0/0
     1 | D        | Found a hide-covered altar of Uskayaw.
     2 | D        | Found an ornate altar of the Wu Jian Council.
     2 | D        | Found a burning altar of Makhleb.
     3 | D        | Found a shadowy altar of Dithmenos.
     3 | D        | Found an ancient bone altar of Kikubaaqudgha.
     4 | D        | Found Gois's Identification Station.
     4 | D        | Found a glowing silver altar of Zin.
     4 | D        | Found a roughly hewn altar of Beogh.
     4 | D        | Found Kighek's Delicious Food.
     5 | D        | Found Baott's Advanced Armour.
     5 | D        | Found Daimoiq's Jewellery.
     5 | D        | Round 1.
     6 | D        | Found a snail-covered altar of Cheibriados.
     7 | D        | Found a sacrificial altar of Ru.
     7 | D        | Found a stormy altar of Qazlal.
     7 | D        | Found Jiull's Premium Goods.
     7 | D        | Found Noadaff's Weapon Rack.
     8 | D        | Found Fuulou's Miscellaneous Merchandise.
     8 | D        | Found Hitarux's Basic Armour.
    11 | D        | Found a deep blue altar of Sif Muna.
    15 | D        | Bought a +0 broad axe for 120 gold pieces
    22 | D        | Found an opulent altar of Gozag.
    22 | D        | Found a glowing golden altar of the Shining One.
    22 | D        | Found Kackiq's Do-It-Yourself Clinic.
    22 | D        | Found Gomy's Bottled Wisdom.
    23 | D        | Found Sitriushruu's Distillery.
    26 | D        | Became a worshipper of Gozag Ym Sagoz the Greedy
    27 | D        | Found an iron altar of Okawaru.
    27 | D        | Found a bloodstained altar of Trog.
    27 | D        | Found a radiant altar of Vehumet.
    27 | D        | Found Fugoss's Distillery.
    31 | D        | Found a blossoming altar of Fedhas.
    32 | D        | Found a basalt altar of Yredelemnul.
    33 | D        | Noticed Sigmund
    33 | D        | Found a viscous altar of Jiyva.
    38 | D        | Killed Sigmund
    38 | D        | Reached skill level 5 in Axes
    38 | D        | Reached XP level 2. HP: 35/35 MP: 1/1
    38 | D        | Reached XP level 3. HP: 40/40 MP: 2/2
    38 | D        | Reached XP level 4. HP: 48/48 MP: 3/3
    38 | D        | Reached XP level 5. HP: 53/53 MP: 4/4
    41 | D        | Found Etohuopn's Staff Store.
    41 | D        | Found Piggu's Must-Have Magic.
    42 | D        | Found Rextegh's Magic Scroll Shop.
    43 | D        | Found a corrupted altar of Lugonu.
    43 | D        | Found a shimmering altar of Xom.
    43 | D        | Found Xen Wera's Magic Scroll Shop.
    70 | D        | Bought 3 scrolls of identify for 150 gold pieces
   128 | D        | Noticed an ogre
   135 | D        | Killed an ogre
   135 | D        | Arena points: 12 (+12) [x2]
   135 | D        | Reached skill level 7 in Axes
   190 | D        | Round 2.
   204 | D        | Bought a scroll of brand weapon for 200 gold pieces
   212 | D        | Noticed Blork the orc
   224 | D        | Killed Blork the orc
   224 | D        | Reached skill level 8 in Axes
   224 | D        | Reached XP level 6. HP: 58/63 MP: 5/5
   266 | D        | Noticed an orc warrior
   275 | D        | Killed an orc warrior
   275 | D        | Reached skill level 9 in Axes
   275 | D        | Reached skill level 1 in Dodging
   289 | D        | Arena points: 54 (+42) [x3]
   304 | D        | Bought a crude large shield for 332 gold pieces
   304 | D        | Identified the +4 large shield "Jetoseoxoy" {rElec Regen+
                  | Int+3} (You bought it in a shop in the Dungeon)
   348 | D        | Round 3.
   356 | D        | Reached skill level 10 in Axes
   356 | D        | Reached XP level 7. HP: 65/71 MP: 6/6
   363 | D        | Noticed a blink frog
   369 | D        | Killed a blink frog
   369 | D        | Reached skill level 10 in Fighting
   369 | D        | Reached skill level 12 in Axes
   402 | D        | Noticed Prince Ribbit
   411 | D        | Killed Prince Ribbit
   411 | D        | Reached skill level 13 in Axes
   411 | D        | Reached XP level 8. HP: 46/80 MP: 7/7
   413 | D        | Noticed a blink frog
   422 | D        | Killed a blink frog
   422 | D        | Arena points: 138 (+84) [x4]
   434 | D        | Bought a crude cloak for 332 gold pieces
   434 | D        | Identified the +1 cloak "Iwytz" {rF++ Int+4 Slay-4} (You
                  | bought it in a shop in the Dungeon)
   435 | D        | Bought a pair of brightly glowing boots for 332 gold pieces
   435 | D        | Identified the +2 pair of boots of Happiness {rElec} (You
                  | bought it in a shop in the Dungeon)
   476 | D        | Round 4.
   488 | D        | Reached skill level 14 in Axes
   504 | D        | Reached skill level 10 in Shields
   518 | D        | Reached skill level 10 in Armour
   587 | D        | Arena points: 298 (+160) [x5]
   626 | D        | Round 5.
   637 | D        | Noticed a giant anaconda
   643 | D        | Bought a heavily runed hat for 315 gold pieces
   643 | D        | Bought a pair of scorched gloves for 332 gold pieces
   645 | D        | Noticed a black mamba
   654 | D        | Noticed a black mamba
   657 | D        | Killed a black mamba
   657 | D        | Reached skill level 15 in Axes
   657 | D        | Reached XP level 9. HP: 33/89 MP: 8/8
   663 | D        | Slain by a black mamba

Skill      XL: |  1  2  3  4  5  6  7  8 |
---------------+-------------------------+-----
Fighting       | 7 9 10 11 | 11.4
Axes           | 5 8 10 13 15 | 15.1
Armour         | 7 8 9 10 | 10.6
Shields        | 7 8 9 10 | 10.9
Dodging        | 1 4 |  4.4

Action                   |  1- 3 |  4- 6 |  7- 9 || total
-------------------------+-------+-------+-------++-------
Melee: Broad axe         |     3 |    40 |    71 ||   114
       Headbutt          |       |     3 |    19 ||    22
  Use: Potion            |     1 |       |     2 ||     3
       Scroll            |       |     2 |     2 ||     4
Armor: Scale mail        |       |    10 |    22 ||    32
Dodge: Dodged            |       |    14 |    12 ||    26
Block: Shield            |     1 |    15 |       ||    16
       Large shield      |       |     2 |    62 ||    64
